 Dungeon Crawl Stone Soup version 0.30-a0-840-ga523dec638 (webtiles) character file.

Game seed: 6550569119330587060

165 porpoise the Charlatan (level 5, 0/41 HPs)
             Began as a Gnoll Wanderer on Mar 2, 2023.
             Slain by an orc priest
             ... wielding a +0 club
              (3 damage)
             ... on level 4 of the Dungeon.
             The game lasted 00:12:17 (2794 turns).

porpoise the Charlatan (Gnoll Wanderer)             Turns: 2794, Time: 00:12:18

Health: 0/41       AC:  6    Str:  9    XL:     5   Next: 46%
Magic:  6/9        EV: 13    Int: 12    God:
Gold:   280        SH:  0    Dex: 15    Spells: 3/10 levels left

rFire   . . .      SeeInvis .    a - +2 dagger (flame)
rCold   . . .      Faith    .    (no shield)
rNeg    . . .      Spirit   .    d - +2 leather armour
rPois   .          Reflect  .    (no helmet)
rElec   .          Harm     .    f - +0 cloak
rCorr   .          Rampage  .    (no gloves)
Will    .....                    (no boots)
Stlth   ++                       r - amulet of regeneration
HPRegen 1.06/turn                C - ring of wizardry
MPRegen 0.11/turn                (no ring)

@: lethally poisoned (0 -> -3)
A: fangs 1, strong nose, distributed training
a: no special abilities


You were on level 4 of the Dungeon.
You visited 1 branch of the dungeon, and saw 4 of its levels.

You collected 280 gold pieces.

Inventory:

Hand Weapons
 a - a +2 dagger of flaming (weapon)
 w - the +8 dagger of Paper {holy, rN+ MP-9 Stlth+}
   (You found it on level 2 of the Dungeon)

   rN:        It protects you from negative energy.
   MP:        It affects your magic capacity (-9).
   Stlth:     It makes you more stealthy.
 x - a +4 club
 A - a +0 scimitar
Missiles
 s - 2 poisoned darts
 v - 5 atropa-tipped darts
Armour
 d - a +2 leather armour (worn)
 f - a +0 cloak (worn)
Magical Staves
 m - a staff of poison
Jewellery
 r - an amulet of regeneration (around neck)
 C - a ring of wizardry (left hand)
Scrolls
 i - a scroll of amnesia {unknown}
 j - 3 scrolls of teleportation
 o - a scroll of blinking {unknown}
 q - a scroll of enchant weapon {unknown}
 t - a scroll of fear {unknown}
 y - a scroll of torment {unknown}
 z - a scroll of noise
 B - a scroll of fog {unknown}
Potions
 b - 2 potions of lignification
 c - 2 potions of mutation
 g - 2 potions of haste
 h - a potion of magic {unknown}
 k - a potion of heal wounds {unknown}
 l - a potion of attraction {unknown}
 n - a potion of brilliance {unknown}
 p - 2 potions of ambrosia
 u - 2 potions of curing
 D - a potion of invisibility {unknown}


   Skills:
 + Level 3.0 Fighting
 + Level 1.6 Short Blades
 + Level 1.6 Long Blades
 + Level 1.6 Axes
 + Level 1.6 Maces & Flails
 + Level 1.6 Polearms
 + Level 1.6 Staves
 + Level 1.6 Ranged Weapons
 + Level 1.6 Throwing
 + Level 1.6 Armour
 + Level 4.8 Dodging
 + Level 2.8 Stealth
 + Level 1.6 Shields
 + Level 1.6 Unarmed Combat
 + Level 3.2 Spellcasting
 + Level 1.2 Conjurations
 + Level 1.2 Hexes
 + Level 1.2 Summonings
 + Level 1.2 Necromancy
 + Level 1.2 Translocations
 + Level 1.2 Transmutations
 + Level 4.0 Fire Magic
 + Level 1.2 Ice Magic
 + Level 1.2 Air Magic
 + Level 1.2 Earth Magic
 + Level 1.2 Poison Magic
 + Level 3.1 Invocations
 + Level 4.8 Evocations


You had 3 spell levels left.
You knew the following spells:

 Your Spells              Type           Power      Damage    Failure   Level
a - Foxfire               Conj/Fire      32%        2x1d5     4%          1
i - Ignite Poison         Fire/Tmut/Pois 7%         N/A       16%         3
s - Sandblast             Erth           10%        2d5       8%          1
w - Wereblood             Tmut           5%         N/A       12%         2

Your spell library contained the following spells:

 Spells                   Type           Power      Damage    Failure   Level
 Beastly Appendage        Tmut           10%        N/A       8%          1
 Passwall                 Tmut/Erth      4%         N/A       12%         2
 Spider Form              Tmut/Pois      5%         N/A       22%         3
 Stone Arrow              Conj/Erth      10%        3d7       22%         3


Dungeon Overview and Level Annotations

Branches:
Dungeon (4/15)
 Temple: D:4-7

Altars:
Makhleb
Sif Muna


Innate Abilities, Weirdness & Mutations

You have very sharp teeth.
Your uncanny sense of smell can sniff out nearby items.
Your experience applies equally to all skills.


Message History

Your giant cockroach bites the orc priest.
The orc priest hits your giant cockroach with a +2 dagger of venom.
Your giant cockroach is poisoned.
Casting: Foxfire (safe; 4% risk of failure)
Confirm with . or Enter, or press ? or * to list all spells.
You conjure some foxfire!
You feel sick.
Your giant cockroach dies!
Your giant cockroach's corpse dissolves into shadows!
The orc priest closely misses you.
You hit the orc priest. You burn the orc priest.
The orc priest is moderately wounded.
You feel sick.
The foxfire hits the orc priest but does no damage.
The orc priest is moderately wounded.
The foxfire hits the orc priest.
The orc priest is heavily wounded.
The orc priest mumbles some strange prayers to Beogh against you.
Beogh smites you!
Casting: Foxfire (safe; 4% risk of failure)
Confirm with . or Enter, or press ? or * to list all spells.
You conjure some foxfire!
You feel sick. The orc priest misses you.
You closely miss the orc priest.
The orc priest is heavily wounded.
You feel sick.
The foxfire hits something but does no damage.
The foxfire hits the orc priest but does no damage.
The orc priest is heavily wounded.
The orc priest calls down the wrath of Beogh upon you.
Pain shoots through your body!
* * * LOW HITPOINT WARNING * * *
Casting: Foxfire (safe; 4% risk of failure)
Confirm with . or Enter, or press ? or * to list all spells.
You conjure some foxfire!
You feel sick.
You are no longer poisoned.
Something hits you but does no damage.
The orc priest hits you with a +2 dagger of venom.
* * * LOW HITPOINT WARNING * * *
You are lethally poisoned!
The orc priest hits you with a +0 club.
You die...

##### ##$_.##
#$8$8.# ##
#...$$# ..# #
.8.8. ##..#..
...### [.....# .
##o##.##.....#
.. #
#o@.........#
..##.
##.vv.†.......#
...
##.......####..#
#.###........#
...
#......###...# #
∆ #....###
#....# ##.###
##.....
..#######..##
#.####.
#...........# .#


You could see 2 orc priests.

Vanquished Creatures
  A jelly (D:4)
  Jessica (D:3)
  5 adders
  A dart slug (D:3)
  4 orcs
  3 ball pythons
  7 bats
  An endoplasm (D:1)
  2 giant cockroaches
  11 goblins
  9 hobgoblins
  3 quokkas
  4 frilled lizards
  5 kobolds
  3 rats
60 creatures vanquished.

Vanquished Creatures (others)
  13 foxfires
13 creatures vanquished.

Grand Total: 73 creatures vanquished

Notes
Turn   | Place    | Note
-------+----------+-------------------------------------------
     0 | D:1      | porpoise the Gnoll Wanderer began the quest for the Orb.
     0 | D:1      | porpoise set off with the following items: a +0 dagger, a
                  | potion of lignification, a potion of mutation, a +2 leather
                  | armour; and the following spell memorised: Foxfire; and the
                  | following spells available to memorise: Ignite Poison.
     0 | D:1      | Reached XP level 1. HP: 17/17 MP: 4/4
   128 | D:1      | Reached XP level 2. HP: 17/23 MP: 5/5
   570 | D:1      | Reached XP level 3. HP: 28/28 MP: 7/7
   574 | D:1      | Learned a level 3 spell: Ignite Poison
   630 | D:1      | Found a faded altar of an unknown god.
  1007 | D:2      | Identified the +8 dagger of Paper {holy, rN+ MP-9 Stlth+}
  1148 | D:2      | Reached skill level 1 in Short Blades
  1148 | D:2      | Reached skill level 1 in Long Blades
  1148 | D:2      | Reached skill level 1 in Axes
  1148 | D:2      | Reached skill level 1 in Maces & Flails
  1148 | D:2      | Reached skill level 1 in Polearms
  1148 | D:2      | Reached skill level 1 in Staves
  1148 | D:2      | Reached skill level 1 in Ranged Weapons
  1148 | D:2      | Reached skill level 1 in Throwing
  1148 | D:2      | Reached skill level 1 in Armour
  1148 | D:2      | Reached skill level 1 in Shields
  1148 | D:2      | Reached skill level 1 in Unarmed Combat
  1431 | D:2      | Reached XP level 4. HP: 34/34 MP: 8/8
  1702 | D:3      | Noticed Jessica
  1860 | D:3      | Killed Jessica
  1861 | D:3      | Reached skill level 1 in Conjurations
  1861 | D:3      | Reached skill level 1 in Hexes
  1861 | D:3      | Reached skill level 1 in Summonings
  1861 | D:3      | Reached skill level 1 in Necromancy
  1861 | D:3      | Reached skill level 1 in Translocations
  1861 | D:3      | Reached skill level 1 in Transmutations
  1861 | D:3      | Reached skill level 1 in Ice Magic
  1861 | D:3      | Reached skill level 1 in Air Magic
  1861 | D:3      | Reached skill level 1 in Earth Magic
  1861 | D:3      | Reached skill level 1 in Poison Magic
  2027 | D:3      | Found a shimmering blue altar of Sif Muna.
  2088 | D:3      | Reached XP level 5. HP: 40/40 MP: 6/9
  2256 | D:3      | Learned a level 1 spell: Sandblast
  2398 | D:3      | Learned a level 2 spell: Wereblood
  2471 | D:3      | Found a burning altar of Makhleb.
  2794 | D:4      | Slain by an orc priest

Illustrated notes

Levels and vault maps discovered:
D:1:      erik_arrival_blinker_ship, layout_rooms,
          shapermc_ecumenical_altar_hornbeckon
D:2:      layout_loops_corners, roderic_roman_lattice, minmay_strange_pillars,
          uniq_robin
D:3:      layout_basic, amcnicky_altar_gilded, mainiacjoe_overflow_catwalk,
          uniq_jessica
D:4:      layout_layer_cave, kennysheep_orc_chapel

Skill      XL: |  1  2  3  4  5 |
---------------+----------------+-----
Short Blades   | 1 |  1.6
Long Blades    | 1 |  1.6
Axes           | 1 |  1.6
Maces & Flails | 1 |  1.6
Polearms       | 1 |  1.6
Staves         | 1 |  1.6
Ranged Weapons | 1 |  1.6
Throwing       | 1 |  1.6
Armour         | 1 |  1.6
Shields        | 1 |  1.6
Unarmed Combat | 1 |  1.6
Spellcasting   | 3 |  3.2
Conjurations   | 1 |  1.2
Hexes          | 1 |  1.2
Summonings     | 1 |  1.2
Necromancy     | 1 |  1.2
Translocations | 1 |  1.2
Transmutations | 1 |  1.2
Ice Magic      | 1 |  1.2
Air Magic      | 1 |  1.2
Earth Magic    | 1 |  1.2
Poison Magic   | 1 |  1.2
Invocations    | 3 |  3.1
Fighting       | 3 |  3.0
Fire Magic     | 4 |  4.0
Dodging        | |  4.8
Stealth        | |  2.8
Evocations     | |  4.8

Action                     |  1- 3 |  4- 6 || total
---------------------------+-------+-------++-------
  Melee: Dagger            |   109 |    80 ||   189
         Bite              |     4 |     7 ||    11
   Cast: Foxfire           |     2 |     7 ||     9
    Use: Scroll            |     1 |     6 ||     7
   Stab: Sleeping          |     5 |       ||     5
 Armour: Leather armour    |    33 |    25 ||    58
  Dodge: Dodged            |    68 |    63 ||   131

Table legend: (Time is in decaauts)
 A = Elapsed time spent in this place.
 B = Non-inter-level travel time spent in this place.
 C = Inter-level travel time spent in this place.
 D = Time resting spent in this place.
 E = Time spent auto-exploring this place.
 F = Levels seen in this place.
 G = Mean time per level.
                   A        B        C        D        E       F      G
               +--------+--------+--------+--------+--------+-----+--------+
         Total |   2793 |   2696 |     97 |    640 |   1460 |   4 |  698.2 |
       Dungeon |   2793 |   2696 |     97 |    640 |   1460 |   4 |  698.2 |
               +--------+--------+--------+--------+--------+-----+--------+

Top non-repeatable levels by time:
     D:2: 1178 daAuts
     D:3: 855 daAuts
     D:1: 672 daAuts
     D:4: 86 daAuts
